 Dungeon Crawl Stone Soup version 0.27-a0-998-g4cfe56dd59 (webtiles) character file.

Game seed: 3868757848682086755

210 dickylongcocking the Magician (level 5, 0/61 HPs)
             Began as a Djinni Venom Mage on Apr 16, 2021.
             Slain by a wyvern zombie (3 damage)
             ... on level 3 of the Dungeon.
             The game lasted 00:02:59 (4840 turns).

dickylongcocking the Magician (Djinni Venom Mage)   Turns: 4840, Time: 00:02:59

Health: 0/61       AC:  2    Str:  7    XL:     5   Next: 87%
Gold:   116        EV: 12    Int: 18    God:
                   SH:  0    Dex: 13

rFire    + + .     SeeInvis .   k - +0 quarterstaff
rCold    x . .     Faith    .   (shield currently unavailable)
rNeg     . . .     Spirit   .   a - +0 robe
rPois    ∞         Reflect  .   (no helmet)
rElec    .         Harm     .   (no cloak)
rCorr    .         Rampage  .   (no gloves)
Will     .....                  (boots unavailable)
Stlth    ..........             (no amulet)
HPRegen  0.20/turn              (no ring)
MPRegen  0.00/turn              (no ring)

@: berserking, flying, very quick
A: fire resistance 2, cold vulnerability 1, float, innate caster, hp casting,
extra vitality 1
a: no special abilities


You were on level 3 of the Dungeon.
You visited 1 branch of the dungeon, and saw 3 of its levels.

You collected 116 gold pieces.

Inventory:

Hand Weapons
 f - a +0 short sword
 k - a +0 quarterstaff (weapon)
Armour
 a - a +0 robe (worn)
Jewellery
 m - an amulet of the acrobat
Wands
 j - a wand of iceblast (11)
Scrolls
 b - a scroll of noise {unknown}
 c - 3 scrolls of identify {unknown}
 d - a scroll of teleportation {unknown}
 g - a scroll of amnesia {unknown}
 h - a scroll of brand weapon {unknown}
 l - a scroll of holy word {unknown}
Potions
 e - a potion of brilliance {unknown}
 n - a potion of degeneration {unknown}


   Skills:
 * Level 3.6 Fighting
 - Level 2.2 Dodging
 - Level 1.5 Stealth
 * Level 4.2 Spellcasting


You couldn't memorise any spells.
You knew the following spells:

 Your Spells              Type           Power      Damage    Failure   Level
a - Sting                 Tmut/Pois      76%        1d6       2%          1
b - Searing Ray           Conj           38%        3d4       3%          2
c - Mephitic Cloud        Conj/Pois/Air  19%        N/A       8%          3
e - Olgreb's Toxic Radia  Pois           19%        N/A       24%         4
f - Magic Dart            Conj           76%        1d6       2%          1
i - Ignite Poison         Fire/Tmut/Pois 19%        N/A       8%          3
p - Poisonous Vapours     Pois/Air       38%        N/A       3%          2
Your spell library was empty.

Dungeon Overview and Level Annotations

Branches:
Dungeon (3/15)

Altars:
Fedhas

Shops:
D:2 =


Innate Abilities, Weirdness & Mutations

You are immune to poison.
Your flesh is very heat resistant. (rF++)
You are vulnerable to cold. (rC-)
You float through the air rather than walking.
You learn spells naturally, not from books.
Your magical power is your life essence.
You have superior vitality. (+4 HP)


Message History

There is an open door here.
You now have 116 gold pieces (gained 7).
Found a ring mail.
No target in view!
Found a helmet.
No target in view!
You reach down and open the door.
There is an open door here.
Found a stone staircase leading down.
No target in view!
A wyvern zombie comes into view.
The wyvern zombie bites you.
Found 19 bolts.
A wyvern zombie is nearby!
You sock the wyvern zombie!
The wyvern zombie is moderately damaged.
The wyvern zombie bites you. The wyvern zombie bites you!
A wyvern zombie is nearby!
You hit the wyvern zombie.
The wyvern zombie is moderately damaged.
The wyvern zombie bites you! x2
* * * LOW HITPOINT WARNING * * *
Casting: Poisonous Vapours (safe; 3% risk of failure)
Confirm with . or Enter, or press ? or * to list all spells.
You don't know that spell.
Unknown command.
It was a potion of berserk rage.
A red film seems to cover your vision as you go berserk!
You feel yourself moving faster!
You feel mighty! The wyvern zombie bites you!
* * * LOW HITPOINT WARNING * * *
Unknown command.
Unknown command.
You barely miss the wyvern zombie.
The wyvern zombie is moderately damaged.
The wyvern zombie closely misses you.
Unknown command.
You hit the wyvern zombie.
The wyvern zombie is moderately damaged.
The wyvern zombie bites you.
You die...

#. ..... .#. ..... ....
#..... ..... .... . ..... #
###....... .....
#.##...#....# .....
#.(..Z.'....# #. #...
...####@###....###.##...
#.>.................#...
...###...##.######..#... #.
#.. +..................
#..#.. #...........#.#....
..[#..#########.####........
..................##........
##......##...##.............
........##...##...........##


You could see a wyvern zombie.

Vanquished Creatures
  A water moccasin (D:3)
  2 adders
  2 worms (D:1)
  3 dart slugs
  5 ball pythons
  7 endoplasms
  6 giant cockroaches (D:1)
  4 goblins
  5 hobgoblins
  11 jackals
  7 kobolds
  A quokka (D:3)
  5 bats
  3 frilled lizards
  8 rats
70 creatures vanquished.

Notes
Turn   | Place    | Note
-------+----------+-------------------------------------------
     0 | D:1      | dickylongcocking the Djinni Venom Mage began the quest for
                  | the Orb.
     0 | D:1      | Reached XP level 1. HP: 15/15 MP: 0/0
     1 | D:1      | Found a runed translucent door.
   397 | D:1      | Reached XP level 2. HP: 17/22 MP: 0/0
   477 | D:1      | Reached skill level 1 in Fighting
   501 | D:1      | Reached skill level 3 in Spellcasting
   530 | D:1      | Found a faded altar of an unknown god.
  1519 | D:1      | Reached XP level 3. HP: 25/27 MP: 0/0
  1519 | D:1      | Learned a level 1 spell: Magic Dart
  2827 | D:2      | Reached XP level 4. HP: 31/33 MP: 0/0
  3113 | D:2      | Found Nizui's Jewellery Emporium.
  4333 | D:3      | Found a blossoming altar of Fedhas.
  4530 | D:3      | Noticed a water moccasin
  4537 | D:3      | Killed a water moccasin
  4538 | D:3      | Reached skill level 4 in Spellcasting
  4538 | D:3      | Reached XP level 5. HP: 18/40 MP: 0/0
  4538 | D:3      | Learned a level 2 spell: Searing Ray
  4838 | D:3      | HP: 2/61 [wyvern zombie (9)]
  4840 | D:3      | Slain by a wyvern zombie

Illustrated notes

Levels and vault maps discovered:
D:1:      dpeg_arrival_caged_fury, layout_loops_corners,
          ebering_ecumenical_altar_mist
D:2:      layout_basic, serial_shops, nicolae_shop_trees
D:3:      layout_basic, fedhas_altar_3

Skill      XL: |  1  2  3  4 |
---------------+-------------+-----
Fighting       | 1 2 3 |  3.6
Spellcasting   | 3 4 |  4.2
Dodging        | |  2.2
Stealth        | |  1.5

Action                   |  1- 3 |  4- 6 || total
-------------------------+-------+-------++-------
Melee: Unarmed           |    25 |       ||    25
       Quarterstaff      |       |    25 ||    25
       Short sword       |       |    11 ||    11
 Cast: Sting             |    78 |    31 ||   109
       Poisonous Vapours |     5 |     6 ||    11
       Ignite Poison     |       |     2 ||     2
  Use: Potion            |       |     1 ||     1
 Stab: Sleeping          |       |     1 ||     1
Armor: Robe              |    10 |     9 ||    19
Dodge: Dodged            |    45 |    35 ||    80

Table legend: (Time is in decaauts)
 A = Elapsed time spent in this place.
 B = Non-inter-level travel time spent in this place.
 C = Inter-level travel time spent in this place.
 D = Time resting spent in this place.
 E = Time spent auto-exploring this place.
 F = Levels seen in this place.
 G = Mean time per level.
                   A        B        C        D        E       F      G
               +--------+--------+--------+--------+--------+-----+--------+
         Total |   4846 |   4829 |     17 |    504 |   3831 |   3 | 1615.3 |
       Dungeon |   4846 |   4829 |     17 |    504 |   3831 |   3 | 1615.3 |
               +--------+--------+--------+--------+--------+-----+--------+

Top non-repeatable levels by time:
     D:1: 2664 daAuts
     D:2: 1461 daAuts
     D:3: 720 daAuts
